cohdb
Replays
Latest Replays
All Replays
Popular Replays
Top Player Replays
Match Explorer
How It Works
Community
CoH3 Stats
Reddit
Sign in to upload your games and track your stats! →
Sign in with Steam
Match 41952371
Unlisted
Match 41952371
Overview
Messages
Build Orders
End
Kradschützen Motorcycle Team
250 Light Carrier
Panzergrenadier Squad
Panzergrenadier Squad
Construct Light Support Kompanie
MG34 Team
Combat Half-tracks
Panzerjäger Mechanized Group
Fire Support Elements
Flakvierling Half-track
Vehicle Survival Package
Construct Panzerarmee Kommand
Assault Mechanized Group
Panzer III L Medium Tank
Selects Armored Support Battlegroup
Selects Veteran Gunners
Selects Flammpanzer III Medium Tank
Emergency Repair Kits
Panzer III L Medium Tank
Selects Command Panzer IV F Medium Tank
Rapid Advance
Command Panzer IV F Medium Tank
(502) Bad Gateway
Ackermann
0
0
Comments
sign in to comment!
No comments posted yet!